[Event "16th Serbian Championship 2022"]
[Site "Bajina Basta"]
[Date "2022.12.09"]
[Round "4.2"]
[White "Radovanovic, Nikola"]
[Black "Ivanisevic, Ivan"]
[Result "0-1"]
[ECO "B45"]
[WhiteElo "2414"]
[BlackElo "2533"]
[Annotator "TA"]
[PlyCount "112"]
[EventDate "2022.12.06"]
[EventType "tourn"]
[EventCountry "SRB"]
[SourceTitle "playchess.com"]
[Source "ChessBase"]
[SourceQuality "1"]
[TimeControl "40/5400+30:1800+30"]

1. e4 c5 2. Nf3 Nc6 3. d4 cxd4 4. Nxd4 Nf6 5. Nc3 e6 6. Nxc6 bxc6 7. e5 Nd5 8. Ne4 Qc7 9. f4 Qb6 10. c4 Bb4+ 11. Ke2 f5 12. exf6 Nxf6 {[%emt 0:00:07] Chess con chili. B45: Sicilian Four Knights.} 13. Be3 Qd8 14. Nd6+ Bxd6 {[%emt 0:00:07] The position is equal.} 15. Qxd6 Bb7 16. Rd1 {[%emt 0:02:36] Against c5} c5 17. Qxc5 Kf7 {[%emt 0:00:47] [#]} 18. Rg1 $146 ({Predecessor:} 18. Ke1 Re8 19. Be2 Bxg2 20. Rg1 Be4 21. Qg5 g6 22. Bd4 d5 23. c5 Rb8 24. Rg3 {1-0 (51) Shahade,G (2476)-Maltsevskaya,A (2390) Chess.com INT 2021}) 18... Re8 19. g3 Rc8 20. Qxa7 Qc7 21. Qb6 (21. Kd2 $1 $16) 21... Qb8 (21... Qxb6 $1 $11 22. Bxb6 Rxc4) 22. Ke1 (22. Kd2 {keeps more tension.} Rc6 23. Qb3 Qa8 24. Bg2) 22... e5 23. f5 Qa8 24. Qa7 Qxa7 25. Bxa7 Bf3 {[%emt 0:00:03] Inhibits c5.} (25... d5 $142) 26. Rd6 Ra8 {[%emt 0:12:44] Prevents g4.} 27. Ra6 Rec8 (27... d6 $142) 28. c5 $16 Bb7 29. Ra3 Ng4 30. Bb5 Bc6 31. Bxc6 ({White should play} 31. Ba6 $16) 31... dxc6 $14 32. Ke2 Rd8 (32... Nxh2 $14 33. g4 e4) 33. h3 ({Much weaker is} 33. Bb6 $6 Rxa3 34. bxa3 Ra8 $11) (33. Rd1 $16) 33... Nf6 $11 34. Rd1 Nd5 $1 {[%emt 0:00:35] Threatens to win with ...Rd7.} 35. Rdd3 Kf6 (35... e4 $14 36. Rdb3 Kf6) 36. Rdb3 (36. Bb6 $16 Rdb8 37. Rxa8 Rxa8 38. Ra3) 36... Rd7 {[%emt 0:01:14] [#]} (36... Kxf5 $11 37. Rb7 g5) 37. Bb6 (37. Bb8 $1 $16 Rxa3 38. bxa3) 37... Rb8 38. g4 ({Better is} 38. Ra6 $14) 38... Nf4+ 39. Ke3 h5 40. Ra7 Rd1 41. Rc7 hxg4 42. hxg4 Rh8 43. Rxc6+ Kg5 44. Ke4 {[%emt 0:04:04] Black must now prevent Rd6.} Rh2 45. Re3 {[%emt 0:04:50] Inhibits Re1. Strongly threatening Rd6.} (45. Kxe5 $2 {leads to mate.} Re2+) (45. Rd6 Re1+ 46. Re3 Rxe3+ 47. Kxe3 Re2+ 48. Kf3 e4+ 49. Kg3 Rg2#) 45... Rxb2 {[%emt 0:05:56] [#]} 46. Kxe5 ({White should try} 46. a3 $1 $16) 46... Rd5+ (46... Kxg4 $11 {remains equal.} 47. Rd6 Rxd6 48. Kxd6 Rxa2) 47. Ke4 $16 {[%emt 0:00:04][%cal Oc6g6] aiming for Rg6+!} Rb4+ 48. Kf3 Rd1 49. Rc7 $2 ({Only move:} 49. Ba5 $16 Rf1+ 50. Kg3 Rg1+ 51. Kf2) 49... Kh4 $11 50. Rb3 (50. Rxg7 $2 Rf1#) 50... Rf1+ 51. Ke3 Re1+ 52. Kf2 $2 (52. Kd2 $11 Re2+ 53. Kd1 Rd4+ 54. Kc1) 52... Rbe4 $19 {[%emt 0:00:16] ( -> ...R4e2+)} 53. Kf3 {[%emt 0:00:51] Against R4e2} (53. Rxg7 $2 {is a self mate.} R4e2+ 54. Kf3 Rf1#) (53. Re7 $19 Rxe7 54. Bd8 Kxg4 55. Bxe7 Re2+ 56. Kf1 Rxe7 57. f6 gxf6 58. a4) 53... Nh3 {[%emt 0:00:24] Black mates.} 54. Rb2 R4e3+ 55. Kg2 Rg3+ 56. Kh2 Nf4 {[%emt 0:00:40] Weighted Error Value: White=0.36/Black=0.17 (very precise)} 0-1

[Event "16th Serbian Championship 2022"]
[Site "Bajina Basta"]
[Date "2022.12.09"]
[Round "4.3"]
[White "Kovacevic, Aleksandar"]
[Black "Perunovic, Miodrag"]
[Result "1/2-1/2"]
[ECO "B06"]
[WhiteElo "2470"]
[BlackElo "2417"]
[Annotator "TA"]
[PlyCount "35"]
[EventDate "2022.12.06"]
[EventType "tourn"]
[EventCountry "SRB"]
[SourceTitle "playchess.com"]
[Source "ChessBase"]
[SourceQuality "1"]
[TimeControl "40/5400+30:1800+30"]

1. e4 c5 2. Nf3 g6 3. c3 d5 4. exd5 Qxd5 5. d4 Bg7 6. Nbd2 {[%emt 0:00:33] B06: Modern Defence.} (6. Na3 {keeps more tension.} cxd4 7. Bc4 Qe4+ 8. Be3) 6... cxd4 7. Bc4 Qd8 8. Nxd4 Nh6 9. O-O O-O 10. N2f3 Qc7 11. Qe2 {[%emt 0:03:18] aiming for Nb5.} a6 {[%emt 0:02:06] Prevents Nb5.} 12. Bg5 {[%emt 0:05:53][%cal Bc1g5,Bg5f4,Bf4e5,Be5d4][%mdl 32] [#]} Nc6 $146 ({Predecessor:} 12... Nf5 13. Bb3 Nc6 14. Nxc6 Qxc6 15. Rad1 Bf6 16. Ne5 Qc7 17. Nxf7 Kg7 18. Bxf6+ exf6 {½-½ (68) Zumsande,M (2398)-Levin,F (2520) Germany 2003}) 13. Nxc6 {[%emt 0:09:33] White is much more active.} Qxc6 14. Rad1 ({Stronger than} 14. Bxe7 Re8 15. Rfe1 Be6 16. Bxe6 Rxe7 17. Bxf7+ Rxf7 $17) 14... Nf5 15. Bf4 (15. Bxe7 $2 {is the wrong capture.} Nxe7 16. Ng5 Qc7 $19) 15... e6 16. Be5 f6 (16... Nh4 $11 {remains equal.} 17. Nxh4 Bxe5) 17. Nd4 Nxd4 18. Bxd4 {[%emt 0:00:09] Weighted Error Value: White=0.11 (very precise) /Black=0.16 (very precise)} 1/2-1/2

[Event "16th Serbian Championship 2022"]
[Site "Bajina Basta"]
[Date "2022.12.09"]
[Round "4.4"]
[White "Djordjevic, Vuk"]
[Black "Bogosavljevic, Boban"]
[Result "1-0"]
[ECO "B20"]
[WhiteElo "2394"]
[BlackElo "2521"]
[Annotator "TA"]
[PlyCount "167"]
[EventDate "2022.12.06"]
[EventType "tourn"]
[EventCountry "SRB"]
[SourceTitle "playchess.com"]
[Source "ChessBase"]
[SourceQuality "1"]
[TimeControl "40/5400+30:1800+30"]

1. e4 c5 2. g3 Nc6 3. Bg2 g6 4. Ne2 Bg7 5. O-O d6 6. c3 e5 7. d3 Nge7 8. Be3 O-O 9. f4 Be6 10. Nd2 {[%emt 0:00:00] B20: Sicilian: Unusual White 2nd moves.} Qb6 11. Qc2 {[%emt 0:00:00] [#]} Rac8 $146 ({Predecessor:} 11... a5 12. a4 Rac8 13. Nf3 h6 14. Qd2 Kh7 15. f5 gxf5 16. Nh4 fxe4 17. dxe4 Rcd8 {1-0 (35) Mozes,E (2385)-Todor,R (2305) Budapest 1994}) 12. Nc4 {[%emt 0:00:00] The position is equal.} Qc7 13. fxe5 Nxe5 14. Na3 a6 15. Nf4 Bd7 16. h3 b5 17. Qd2 Qa5 18. d4 cxd4 19. Bxd4 N7c6 20. Be3 b4 21. cxb4 Qxb4 22. Rad1 Rb8 23. Rf2 Qa4 24. Qxd6 Rfd8 (24... Bxh3 $11 25. b3 (25. Bxh3 $2 {loses.} Rfd8 $19) 25... Qa5) 25. b3 $1 $16 {[%emt 0:00:19] White is more active.} Qa5 26. Qc5 $1 Rdc8 (26... Be6 $14 27. Rxd8+ Qxd8) 27. Qxa5 $18 Nxa5 28. Nd5 {[%emt 0:00:24] Black must now prevent Ne7+.} Nac6 {[%emt 0:00:20] Prevents Ne7+.} 29. Rfd2 {[%emt 0:01:53] Hoping for Nb6.} Be6 30. Nc2 (30. Kh1 $142) 30... a5 $16 31. Nd4 {[%emt 0:00:27] Inhibits a4.} a4 $2 (31... Nxd4 $16 {was called for.} 32. Bxd4 Rb7) 32. Nxc6 $18 ({But not} 32. bxa4 $6 Nxd4 33. Rxd4 Rc2 $16) 32... Nxc6 33. bxa4 Be5 34. g4 Kg7 35. Bf1 Na5 36. Bb5 (36. Ba6 $18 {and White stays clearly on top.}) 36... Nc4 $16 {[%emt 0:00:34] [#] Strongly threatening ...Bxd5.} 37. Bd4 $1 Bxd4+ 38. Rxd4 Ne5 39. Kg2 {[%emt 0:00:38] Inhibits Nf3.} h5 40. g5 (40. gxh5 $16 gxh5 41. R4d2) 40... h4 $1 $14 41. R4d2 Rc5 (41... Nc4 {simplifies} 42. Re2 Na3 43. Nf4 Nxb5 44. Nxe6+ fxe6 45. axb5 Rxb5 46. Rd7+ Kg8) 42. Rf1 Nc4 43. Rd3 Nd6 44. Rc3 (44. Nf4 $11 Rxg5+ 45. Kh1 Nxb5 46. Nxe6+ fxe6 47. Rb3) 44... Nxe4 (44... Rcxb5 $1 $17 45. axb5 Nxe4) 45. Rxc5 $11 Nxc5 46. Nc7 {[%emt 0:04:07] Rc1 is the strong threat.} Bxa2 47. Rf4 Rc8 48. Ne8+ Kf8 49. Rxh4 Ne6 50. Rg4 Rc2+ 51. Kf1 Ke7 52. h4 Bd5 53. Nf6 Bf3 54. Rb4 Nc5 55. Rf4 Bg2+ 56. Ke1 Ra2 57. Rf2 ({White should try} 57. Ng8+ $14 Kd6 58. Rxf7) 57... Ra1+ 58. Ke2 Bb7 {[%emt 0:00:29] [#]} (58... Bh3 $1 $11 {keeps the balance.}) 59. Rf4 $1 $16 Kd6 60. Ng4 ({Better is} 60. Be8 $16) 60... Ra2+ 61. Ke3 Ra3+ 62. Kd2 Ne4+ 63. Kc1 Kc5 (63... Bd5 $11) 64. Kb2 (64. Rxf7 $14 Bd5 65. Rf4) 64... Rh3 $11 65. Ne5 (65. Rxf7 {simplifies} Rxh4 66. Nf6 Nd6 67. Rc7+) 65... Rh2+ (65... Bd5 $11) 66. Ka3 $16 {[%emt 0:00:31] Black is on the road to losing.} Bd5 67. Nd7+ (67. Nxf7 $2 Ra2#) 67... Kd4 $2 {[%emt 0:00:25][%mdl 8192] [#]} (67... Kd6 $16) 68. Nf6 $1 $18 Bb7 69. Nxe4 Ke5 {[%emt 0:00:10] Prevents Nf6.} 70. Rxf7 Bxe4 {[%emt 0:00:02][%mdl 4096] Endgame KRB-KRB} 71. Rh7 Kd4 72. Kb4 Bf3 73. Rh6 Be4 74. Rh7 Bf3 $1 75. Be8 Be4 76. Ka5 Kc5 77. h5 Rg2 78. Bxg6 Bc6 79. Rf7 Rg4 80. Bc2 {[%emt 0:00:21] Threatens to win with g6.} Kd6 81. g6 Bd5 82. Rf5 Be6 83. Rb5 Bd7 {[%emt 0:00:08] [#]} 84. h6 $1 {[%emt 0:01:31] Weighted Error Value: White=0.17 (very precise) /Black=0.19 (very precise)} 1-0

[Event "16th Serbian Championship 2022"]
[Site "Bajina Basta"]
[Date "2022.12.09"]
[Round "4.5"]
[White "Ivic, Velimir"]
[Black "Perunovic, Milos"]
[Result "1/2-1/2"]
[ECO "B45"]
[WhiteElo "2560"]
[BlackElo "2541"]
[Annotator "TA"]
[PlyCount "51"]
[EventDate "2022.12.06"]
[EventType "tourn"]
[EventCountry "SRB"]
[SourceTitle "playchess.com"]
[Source "ChessBase"]
[SourceQuality "1"]
[TimeControl "40/5400+30:1800+30"]

1. e4 c5 2. Nf3 e6 3. d4 cxd4 4. Nxd4 Nf6 5. Nc3 Nc6 6. Be2 Bb4 7. O-O Bxc3 8. bxc3 Nxe4 9. Nxc6 {[%emt 0:00:41] B45: Sicilian Four Knights.} dxc6 10. Bd3 (10. Qd4 {simplifies} Qxd4 11. cxd4 O-O 12. Bf3) 10... Nc5 11. Qg4 {[%emt 0:01:04] [#]} (11. Ba3 {simplifies} Nxd3 12. cxd3 Qa5 13. Bb4) 11... O-O $146 ({Predecessor:} 11... Qf6 12. Bg5 Qxc3 13. Rad1 h6 14. Be3 O-O 15. Bxh6 f5 16. Qg6 Qf6 17. Qxf6 Rxf6 {½-½ (52) Huschenbeth,N (2628)-Ragger,M (2669) Germany 2021}) 12. Ba3 {[%emt 0:02:53] This pair of bishops is nice.} e5 13. Qg3 {[%emt 0:19:26] Really sharp!} b6 14. Bxc5 ({Reject} 14. Qxe5 Re8 15. Qg3 Nxd3 16. cxd3 Bf5 $15) 14... bxc5 15. Qxe5 Qd5 16. Qf4 Be6 17. Rfe1 c4 18. Re5 Qd7 19. Bf1 Rad8 20. Qg3 (20. Bxc4 $14 Bxc4 21. Qxc4) 20... Qd2 {[%emt 0:02:02] The position is equal.} 21. Re2 Qd5 22. h4 h6 23. a4 {[%emt 0:07:01] Against Qb5} Rd7 24. a5 Rfd8 25. Qf4 Qf5 26. Qxf5 {[%emt 0:09:49] Weighted Error Value: White=0.07 (flawless) /Black=0.09 (flawless)} 1/2-1/2

[Event "16th Serbian Championship 2022"]
[Site "Bajina Basta"]
[Date "2022.12.10"]
[Round "5.1"]
[White "Perunovic, Milos"]
[Black "Martic, Ivan"]
[Result "1-0"]
[ECO "B63"]
[WhiteElo "2541"]
[BlackElo "2270"]
[Annotator "TA"]
[PlyCount "81"]
[EventDate "2022.12.06"]
[EventType "tourn"]
[EventCountry "SRB"]
[SourceTitle "playchess.com"]
[Source "ChessBase"]
[SourceQuality "1"]
[TimeControl "40/5400+30:1800+30"]

1. e4 c5 2. Nf3 d6 3. d4 cxd4 4. Nxd4 Nf6 5. Nc3 Nc6 6. Bg5 Qb6 7. Nb3 e6 8. Qd2 a6 9. O-O-O Be7 10. f3 O-O 11. h4 Qc7 {[%emt 0:09:13] B63: Sicilian: Richter-Rauzer: 7...Be7 and unusual Black 7th moves.} 12. h5 Rd8 13. h6 {[%emt 0:15:12] Hoping for hxg7.} g6 {[%emt 0:05:26] White is slightly better.} 14. Qf4 Ne8 15. Bxe7 Qxe7 16. Qe3 b5 17. f4 b4 18. Na4 Rb8 19. Be2 e5 {[%emt 0:05:55] [#]} 20. Rhf1 $146 ({Predecessor:} 20. fxe5 Nxe5 21. Nb6 Qa7 22. Nd5 Qxe3+ {½-½ (22) Coyne,D (2263)-Eman,J (2237) ICCF email 2014}) 20... exf4 21. Qxf4 Bd7 ({Black should play} 21... a5 $11) 22. Qf2 $14 (22. Bxa6 $2 {is the wrong capture.} Ne5 $19) 22... Ne5 23. Nb6 Qg5+ {[%emt 0:00:54] White leaves nothing to chance now.} (23... Nc7 $14) 24. Kb1 $16 Qxh6 {[%emt 0:01:12] [#]} (24... Bc6 $142) 25. Nxd7 $1 {[%emt 0:07:28] White is more active.} ({Much weaker is} 25. Bxa6 $6 Bg4 $11) 25... Rxd7 {[%emt 0:00:18] [#]} 26. Nc5 $1 Re7 (26... Rdd8 27. Nxa6) 27. Nxa6 Rbb7 28. Rd4 Rb6 (28... b3 $16) 29. Rxb4 Rxb4 30. Nxb4 {[%emt 0:00:06] And now Nd5 would win.} Qd2 31. Nd5 Rb7 32. Ba6 {[%emt 0:00:38] The board is on fire.} Qxf2 33. Rxf2 Ra7 34. Bb5 Ng7 35. Nf6+ Kh8 36. Rd2 h5 37. Rxd6 Ne6 {[%emt 0:00:07] Inhibits Rd8+.} 38. Rd5 Ng4 39. Nxg4 hxg4 40. g3 Kg7 41. Be2 {[%emt 0:30:47] Weighted Error Value: White=0.08 (flawless) /Black=0.29 (precise)} 1-0

[Event "16th Serbian Championship 2022"]
[Site "Bajina Basta"]
[Date "2022.12.10"]
[Round "5.2"]
[White "Bogosavljevic, Boban"]
[Black "Ivic, Velimir"]
[Result "0-1"]
[ECO "E67"]
[WhiteElo "2521"]
[BlackElo "2560"]
[Annotator "TA"]
[PlyCount "100"]
[EventDate "2022.12.06"]
[EventType "tourn"]
[EventCountry "SRB"]
[SourceTitle "playchess.com"]
[Source "ChessBase"]
[SourceQuality "1"]
[TimeControl "40/5400+30:1800+30"]

1. Nf3 Nf6 2. g3 g6 3. Bg2 Bg7 4. O-O O-O 5. c4 d6 6. d4 Nbd7 7. Nc3 e5 8. dxe5 dxe5 9. h3 c6 10. Be3 Qe7 11. Nd2 {[%emt 0:13:41] E67: King's Indian: Fianchetto: 6...Nbd7.} Ne8 12. Nb3 f5 {[%emt 0:04:59] [#]} 13. Qc1 $146 {[%emt 0:05:25] Black is slightly better.} ({Predecessor:} 13. Qd2 Nc7 14. Rad1 Ne6 15. Qd6 Qf7 16. Qb4 Re8 17. Na4 e4 18. Qd2 Be5 19. Qc2 {0-1 (29) Holmsten,A (2476)-Sklyarov,D (2348) Turku 2010}) 13... Nd6 14. Rd1 f4 (14... Nxc4 15. Bd5+ $1 (15. Nd5 cxd5 16. Bxd5+ Kh8 $11) 15... cxd5 16. Nxd5 $11) (14... Nf7 {simplifies} 15. Rb1 Re8 16. Nd2 e4) 15. gxf4 Nxc4 16. fxe5 (16. Nd5 cxd5 17. Bxd5+ Kh8 18. Bxc4 (18. Qxc4 exf4 19. Bd4 Qg5+ 20. Kh1 Ne5 $17) 18... Qh4 $17) 16... Nxe3 (16... Qxe5 17. Bd4 Qe7 18. Ne4 $14) (16... Ndxe5 17. Bc5 Qh4 18. Bxf8 Kxf8 19. Rd4 $16) (16... Bxe5 17. Bh6 $11) 17. Qxe3 Bxe5 (17... Nxe5 18. f4 $16) 18. Na5 (18. Nd2 $15) 18... Nb6 $1 $17 19. Rac1 Qg7 20. Qc5 Bc7 {[%emt 0:11:04] A strong pair of Bishops.} (20... Be6 $19 {Hoping for ...Rf5.} 21. Nxb7 Qf6) 21. Ne4 (21. Nc4 $17) 21... Rf5 $1 $19 (21... Qxb2 22. Rc2 Qg7 23. Nd6 $17) 22. Qa3 Nd5 (22... Qe5 $19 23. Nb3 Nd5) 23. Ng3 $15 Nf4 24. Nxc6 (24. Nxb7 $1 $11 {and White is okay.} Nxg2 25. Nxf5 gxf5 26. Qc3 Qxc3 27. Rxc3 Bxb7 28. Rd7) 24... bxc6 $19 25. Rxc6 Rb8 $1 {[%emt 0:02:08] aiming for ...Rf8.} 26. Qxa7 $2 {[%emt 0:06:59] [#]} (26. e3 {is a better chance.} Nxg2 27. Nxf5 Bxf5 28. Qc5) 26... Rb7 (26... Bb7 27. Nxf5 gxf5 28. Qxb8+ $1 Bxb8 29. Rd8+ Kf7 30. Rd7+ Kf8 31. Rxg7 Bxc6 32. Rxh7 $18) (26... Nxe2+ $142 $1 27. Kh1 (27. Nxe2 $2 Bh2+ 28. Kxh2 Qxa7 $19) 27... Nxg3+ 28. fxg3 Bb7) 27. Qa4 Rf8 28. Qc4+ Kh8 29. Rc1 Bxh3 (29... Nxh3+ 30. Bxh3 Bxg3 31. Rxc8 Bxf2+ 32. Kg2 $14) (29... Rf7 $19 {is more deadly. Strongly threatening ...Nxg2.} 30. Bf3 Nxh3+ 31. Kg2 Nf4+ 32. Kh1 Bh3) 30. Rxc7 $17 Rxc7 (30... Qxb2 31. Rxb7 Qe5 32. Qc7 Qxc7 33. Rcxc7 Re8 34. Ne4 $1 Nd5 35. Rxh7+ Kg8 36. Rxh3) 31. Qxc7 Qxc7 ({Worse is} 31... Nxg2 32. Qxg7+ Kxg7 33. Kh2 $15) 32. Rxc7 {[%emt 0:00:02] Black must now prevent Bf3.} Bxg2 ({Not} 32... Nxg2 33. b4 $17) 33. f3 h5 34. Ne4 h4 ({But not} 34... Nxe2+ 35. Kxg2 Nf4+ 36. Kg3 $16) 35. Kh2 $2 {[%emt 0:00:27] [#]} (35. a4 $17) 35... Bf1 $1 $19 36. Ng5 Kg8 (36... Nxe2 $19 {has better winning chances. Threatens to win with ...Kg8.} 37. Nf7+ Kh7 38. Ne5+ Kg8) 37. Rc4 $2 (37. e3 $17 Nd3 38. Kg1) 37... Bxe2 38. Re4 Bd3 {[%emt 0:00:11] Inhibits a4.} 39. Rd4 Rf5 {[%emt 0:00:57] Against a4. ...Bf1 is the strong threat.} 40. b4 Bb5 {[%emt 0:00:37] Prevents a4.} 41. Ne4 Be2 42. Nd2 (42. Ng5 $142) 42... g5 43. a4 Kg7 44. Ne4 (44. Rd7+ $142 Kf6 45. b5) 44... Ng6 45. Rd7+ Kh6 46. b5 Bxf3 47. Nd6 Rc5 {[%emt 0:00:44] ( -> ...g4)} 48. b6 Nf4 {[%emt 0:03:08] Black mates.} 49. b7 Rc2+ 50. Kg1 Nh3+ {[%emt 0:00:04] Weighted Error Value: White=0.95/Black=0.25 (precise)} 0-1

[Event "16th Serbian Championship 2022"]
[Site "Bajina Basta"]
[Date "2022.12.10"]
[Round "5.3"]
[White "Perunovic, Miodrag"]
[Black "Djordjevic, Vuk"]
[Result "1/2-1/2"]
[ECO "C18"]
[WhiteElo "2417"]
[BlackElo "2394"]
[Annotator "TA"]
[PlyCount "156"]
[EventDate "2022.12.06"]
[EventType "tourn"]
[EventCountry "SRB"]
[SourceTitle "playchess.com"]
[Source "ChessBase"]
[SourceQuality "1"]
[TimeControl "40/5400+30:1800+30"]

1. e4 e6 2. d4 d5 3. Nc3 Bb4 4. e5 c5 5. a3 Bxc3+ 6. bxc3 Ne7 7. Qg4 Qc7 8. Qxg7 Rg8 9. Qxh7 cxd4 10. Qd3 {[%emt 0:01:22] C18: French: 3 Nc3 Bb4: Main line: 7 h4 and 7 Qg4.} (10. Ne2 $5 ) 10... Qxe5+ 11. Ne2 $1 dxc3 12. Qxc3 Qxc3+ 13. Nxc3 Nbc6 14. h4 (14. Rb1 $5 ) 14... f6 {[%emt 0:19:13] [#]} 15. h5 $146 ({Predecessor:} 15. Rb1 b6 16. Bb2 e5 17. Rd1 Be6 18. Bb5 O-O-O 19. Kf1 Kb7 20. Ne2 a6 21. Bxc6+ Kxc6 {0-1 (63) Liang,J (2353)-Wheeler,C (2383) Charlotte 2020}) 15... e5 16. Nb5 {[%emt 0:04:33] Strongly threatening Nc7+.} Kf7 17. c4 d4 18. c5 Be6 {[%emt 0:05:34] Inhibits Bc4.} 19. Rb1 (19. h6 $16 {aiming for Nd6+.} Rgd8 20. Nc7 (20. Nd6+ Kg8 $14)) 19... Rab8 $14 20. h6 {[%emt 0:00:20] Nd6+ is the strong threat.} Rgd8 (20... Kg6 {feels hotter.} 21. h7 Rh8 22. Nc7 Bf5) 21. Nd6+ Kg8 22. h7+ (22. Nxb7 Rd7 23. Ba6 Nd8 24. h7+ Kh8 $17) 22... Kh8 23. g4 (23. Rxb7 Rxb7 24. Nxb7 Rb8 $11) (23. Nxb7 Rd7 24. Ba6 Nd8 $17) ({Better is} 23. Rh6 $16 Nd5 24. g3 (24. Nxb7 Rd7 $17) (24. Rxb7 Na5 $15)) 23... b6 (23... Bxg4 $2 24. Nf7+ (24. Rxb7 Be6 $14) 24... Kg7 25. Nxd8 Rxd8 26. Rg1 $18) 24. g5 Rf8 (24... bxc5 $2 25. Rxb8 Rxb8 26. gxf6 $18) (24... Nf5 $1 $14) 25. cxb6 $18 axb6 26. Bd3 $1 f5 (26... Ba2 {was necessary.}) 27. Rh6 Bd5 28. Bb2 Kg7 $2 (28... f4 29. Rc1 Rbd8) 29. f4 Rh8 $2 (29... Be4 $18) 30. Rc1 {[%emt 0:23:42] Chess con chili. White is much more active.} ({White should play} 30. Bxf5 $16 Rhf8 31. Rc1 $1) 30... Rxh7 $14 31. Nxf5+ Nxf5 32. Rxh7+ Kxh7 33. Bxf5+ Kg7 34. Be6 Be4 (34... Bxe6 $14 {was preferrable.} 35. Rxc6 Re8) 35. Bd7 $16 Ne7 (35... Na5 $16 {was worth a try.}) 36. fxe5 $18 Kg6 37. Bxd4 Nf5 {[%emt 0:00:38] Inhibits e6.} (37... Rh8 $16 {keeps fighting.} 38. e6 Rh1+ 39. Kd2 Rxc1) 38. Bf2 Kxg5 39. Rc4 (39. Kd2 $18) 39... Bd5 $16 {[%emt 0:00:00] Prevents e6.} 40. Rb4 Rb7 41. e6 ({White should try} 41. Bb5) 41... b5 42. Kd2 ({Don't take} 42. Rxb5 Rxb5 43. Bxb5 Bxe6) (42. Bxb5 {simplifies} Kf6 43. Be2 Rxb4 44. axb4 Kxe6 45. Kd2) 42... Kf6 43. Kc3 ({Of course not} 43. Rxb5 Rxb5 44. Bxb5 Nd6 $11) (43. Bc5 {simplifies} Bxe6 44. Bxb5 Rc7 45. Bb6) 43... Rc7+ 44. Kb2 (44. Kd3 $5 ) 44... Bxe6 45. Bxb5 Rh7 46. Bb6 Rh2+ 47. Kc1 Rh1+ 48. Kd2 Rh2+ 49. Ke1 Rh1+ 50. Kf2 Rh2+ 51. Kg1 Ra2 52. a4 Bd5 53. Rg4 Nd6 54. Bd3 Ra3 55. Bh7 Ra1+ 56. Kf2 Ra2+ 57. Ke1 {[%emt 0:00:24] Threatening Rg6+.} Ra1+ 58. Kd2 {[%emt 0:01:03] And now Bd4+ would win.} Ke6 (58... Nc4+ $2 {[#]} 59. Rxc4 $1 Ra2+ 60. Rc2 Rxa4 61. Ke3 $18) 59. Bd3 (59. a5 $16) 59... Ra2+ $11 60. Kc1 Ra3 {[%emt 0:00:42] Against a5} 61. Kc2 Ra2+ 62. Kb1 Ra3 63. Bc2 Nc4 64. Bd4 Rf3 65. Rg6+ Ke7 66. Bc5+ {[%emt 0:01:00] A strong pair of Bishops.} Kf7 {[%emt 0:00:05] Threatens to win with ...Rf1+.} 67. Rg1 {[%emt 0:00:11] Prevents Rf1+.} Be4 {[%emt 0:01:01][%mdl 64] Decoy} 68. Bxe4 Nd2+ 69. Kb2 Nxe4 $14 {[%emt 0:00:05][%mdl 4096] Endgame KRB-KRN} 70. Bb4 {[%emt 0:00:04] Hoping for Re1.} Ke6 $1 71. Rd1 Nf2 {[%emt 0:00:49] Against a5} 72. Rd8 Nd3+ {[%emt 0:00:38] The position is equal.} 73. Kc3 Nc5+ 74. Kc4 Nxa4 75. Rd6+ Ke5 76. Rd2 Nb6+ 77. Kc5 Na4+ 78. Kc6 Nc3 {[%emt 0:02:53] White really could win this.   Weighted Error Value: White=0.18 (very precise) /Black=0.22 (precise)} 1/2-1/2

[Event "16th Serbian Championship 2022"]
[Site "Bajina Basta"]
[Date "2022.12.10"]
[Round "5.5"]
[White "Indjic, Aleksandar"]
[Black "Radovanovic, Nikola"]
[Result "1-0"]
[ECO "A62"]
[WhiteElo "2631"]
[BlackElo "2414"]
[Annotator "TA"]
[PlyCount "65"]
[EventDate "2022.12.06"]
[EventType "tourn"]
[EventCountry "SRB"]
[SourceTitle "playchess.com"]
[Source "ChessBase"]
[SourceQuality "1"]
[TimeControl "40/5400+30:1800+30"]

1. d4 Nf6 2. c4 g6 3. g3 Bg7 4. Bg2 O-O 5. Nc3 d6 6. Nf3 c5 7. d5 a6 8. a4 e6 9. O-O exd5 10. cxd5 Re8 11. Bf4 Ne4 12. Nxe4 Rxe4 13. Nd2 Rb4 14. b3 {[%emt 0:00:55] A62: Modern Benoni: Fianchetto Variation without early ...Nbd7.} g5 $11 15. Be3 Bf5 16. Nc4 {[%emt 0:14:35] Hoping for Ra2. The position is equal.} Bxa1 17. Qxa1 {[%emt 0:00:20] [#]} Rxb3 $146 ({Predecessor:} 17... b5 18. axb5 Rxb3 19. h4 h6 20. hxg5 hxg5 21. f4 g4 22. Kf2 axb5 23. Qxa8 bxc4 24. Ra1 Qf6 25. Bc1 Qc3 26. e3 Bb1 {0-1 (26) Sanikidze,S (1876)-Khomeriki,N (2347) Tbilisi 2017}) 18. Bd2 a5 ({Black should play} 18... Bg6 $11) 19. e4 $14 Bg6 20. f4 {[%emt 0:03:27][%cal Bf2f4,Bf4f5,Bf5f6][%mdl 32] Qd1 is the strong threat.} Rb4 21. Bxb4 axb4 {[%emt 0:01:01] [#]} 22. Qd1 $1 {[%emt 0:00:06] Against b5. Threatens to win with f5. White is much more active.} h6 {[%emt 0:04:07] [#]} (22... gxf4 $14 23. gxf4 f6) 23. h4 ({White has to play} 23. e5 $1 $18) 23... Ra6 $2 {[%emt 0:03:01][%mdl 8192] Loses the game.} (23... gxh4 $11 24. f5 Bh7) 24. hxg5 $18 hxg5 $2 (24... Nd7 25. gxh6 (25. f5 Bh7 $14) 25... Qf8) 25. f5 Bh7 26. f6 Nd7 27. Qh5 Ne5 28. Nxe5 {[%emt 0:01:20] White mates.} dxe5 29. Qxg5+ Bg6 30. Bh3 Kh7 31. Rf2 Rxa4 32. Rh2 Kg8 {[%emt 0:01:17] [#]} 33. Qxg6+ $3 {[%emt 0:00:06][%mdl 576] Back Rank.   Weighted Error Value: White=0.12 (very precise) /Black=0.78} 1-0